 Dungeon Crawl Stone Soup version 0.22-a0-247-gbddf880757 (webtiles) character file.

60 Peterchen the Cudgeler (level 4, -4/29 HPs)
             Began as a Gargoyle Monk on Feb 23, 2018.
             Killed by divine providence
             ... invoked by an orc priest
              (14 damage)
             ... on level 3 of the Dungeon.
             The game lasted 00:04:31 (1622 turns).

Peterchen the Cudgeler (Gargoyle Monk)              Turns: 1622, Time: 00:04:32

Health: -4/29      AC:  5    Str: 15    XL:     4   Next: 6%
Magic:  4/4        EV: 13    Int: 11    God:
Gold:   131        SH:  5    Dex: 12    Spells: 3/3 levels left

rFire    . . .     SeeInvis .   a - +0 mace
rCold    . . .     Gourm    .   (no shield)
rNeg     + . .     Faith    .   b - +0 robe
rPois    ∞         Spirit   .   (no helmet)
rElec    +         Reflect  +   (no cloak)
rCorr    .         Harm     .   (no gloves)
MR       .....                  (no boots)
Stlth    ++........             j - +5 amulet of reflection
HPRegen  0.09/turn              (no ring)
MPRegen  0.09/turn              (no ring)

@: no status effects
A: negative energy resistance 1, electricity resistance, unbreathing,
petrification resistance, rot immunity, AC +3
a: no special abilities


You were on level 3 of the Dungeon.
You were not hungry.

You visited 1 branch of the dungeon, and saw 3 of its levels.

You collected 131 gold pieces.

Inventory:

Hand Weapons
 a - a +0 mace (weapon)
Armour
 b - a +0 robe (worn)
Jewellery
 j - a +5 amulet of reflection (around neck)
Wands
 m - a wand of flame (34)
Scrolls
 e - a scroll of fear {unknown}
 h - a scroll of noise {unknown}
 k - a scroll of identify {unknown}
 n - a scroll of fog {unknown}
Potions
 d - a potion of haste {unknown}
 g - a potion of degeneration {unknown}
 i - a potion of mutation {unknown}
 l - a potion of brilliance {unknown}
Comestibles
 c - a ration
 f - 7 chunks of flesh


   Skills:
 + Level 3.7 Fighting
 * Level 3.8 Maces & Flails
 + Level 2.8 Dodging
 + Level 2.9 Stealth


You had 3 spell levels left.
You didn't know any spells.

Dungeon Overview and Level Annotations

Branches:
Dungeon (3/15)

Altars:

Annotations:
D:3 1 transporter


Innate Abilities, Weirdness & Mutations

You are resistant to torment.
Your stone body is resilient. (AC +3)
You are immune to poison.
You resist negative energy. (rN+)
You are resistant to electric shocks. (rElec)
You can survive without breathing.
You are immune to petrification.
You are immune to rotting.


Message History

There is a transporter landing site here.
Found a blackened gold wand and a scroll labeled MARREM ISEUPN.
Found a transporter.
Some of the chunks of flesh in your inventory have rotted away.
Found a scroll labeled IZENARE JICIEN.
There is a transporter here.
You enter the transporter and appear at another place.
m - a wand of flame (34)
There are no items here.
n - a scroll labeled MARREM ISEUPN
There are no items here.
You open the door.
There is an open door here.
The orc priest mumbles some strange prayers to Beogh against you.
Pain shoots through your body!
The orc priest invokes the aid of Beogh against you.
Beogh smites you!
The orc priest calls down the wrath of Beogh upon you.
Beogh smites you!
You die...

...... ...... ......
.......
....#<###.......########
....................?..#.#
.......###############.#.#
###....#8≈#..o..5.#P8#.#.#
.....#.#P.#≈≈≈≈≈≈≈#.P#.#.#
..##...#$.#..≈≈≈..#..#...#
#.##..©#©)+..≈♣≈@.'.©#©..#
.......#$.#..≈≈≈..#..#...#
#.##...#P.#≈≈≈≈≈≈≈#.P#...#
#.##...#8≈#....oo5#P8#..##
#.##...###############..#
........................#
..###.......####........#
..# #######.# #.########
..# #..# #.#


You could see 3 orc priests and 2 shadow imps.

Vanquished Creatures
  An adder (D:3)
  A worm (D:2)
  3 dart slugs
  An orc (D:2)
  7 bats
  A giant cockroach (D:1)
  3 goblins
  4 hobgoblins
  4 jackals (D:1)
  5 kobolds
  A quokka (D:2)
  4 frilled lizards (D:2)
  4 rats (D:2)
39 creatures vanquished.

Vanquished Creatures (others)
  A goblin (D:3)
1 creature vanquished.

Grand Total: 40 creatures vanquished

Notes
Turn   | Place    | Note
-------+----------+-------------------------------------------
     0 | D:1      | Peterchen the Gargoyle Monk began the quest for the Orb.
     0 | D:1      | Reached XP level 1. HP: 14/14 MP: 1/1
    44 | D:1      | Reached XP level 2. HP: 19/19 MP: 2/2
   452 | D:1      | Reached XP level 3. HP: 15/23 MP: 3/3
  1549 | D:3      | Reached XP level 4. HP: 26/29 MP: 4/4
  1563 | D:3      | Found a transporter.
  1595 | D:3      | Found a transporter.
  1622 | D:3      | Killed from afar by an orc priest

Vault maps used:
D:1:      minmay_arrival_four_circles
D:2:      minivault_26, minmay_fountain_box, minivault_27
D:3:      gammafunk_wand_slinger, minmay_goblin_kobold_house

Action                   |  1- 3 |  4- 6 || total
-------------------------+-------+-------++-------
Melee: Mace              |   121 |     1 ||   122
 Stab: Sleeping          |     4 |       ||     4
  Eat: Chunk             |     2 |       ||     2
Armor: Robe              |    41 |       ||    41
Dodge: Dodged            |    85 |     1 ||    86
Block: Other             |     4 |       ||     4
       Reflection        |     1 |       ||     1

Table legend:
 A = Spawn XP
 B = Non-spawn XP
 C = Spawn XP percentage of total XP
 D = Spawn monster count
 E = Non-spawn monster count
 F = Spawn count percentage of total count
 G = Total turns spent on level
                    A         B        C        D         E        F      G
               +---------+---------+-------+---------+---------+-------+---------
         Total |       0 |      87 |   0.0 |       0 |      40 |   0.0 |  1622
               +---------+---------+-------+---------+---------+-------+---------
           D:1 |       0 |      38 |   0.0 |       0 |      18 |   0.0 |   863
           D:2 |       0 |      32 |   0.0 |       0 |      19 |   0.0 |   664
           D:3 |       0 |      17 |   0.0 |       0 |       3 |   0.0 |    95
               +---------+---------+-------+---------+---------+-------+---------
